 Dungeon Crawl Stone Soup version 0.31-a0-232-gb1c03b2570 (webtiles) character file.

Game seed: 6959748189561954573

206 qw the Shooter (level 5, 0/41 HPs)
             Began as a Minotaur Hexslinger on July 6, 2023.
             Slain by Pikel
             ... wielding a +2 whip of electrocution
              (9 damage)
             ... on level 4 of the Dungeon.
             The game lasted 00:01:05 (2440 turns).

qw the Shooter (Minotaur Hexslinger)                Turns: 2440, Time: 00:01:05

Health: 0/41       AC:  8    Str: 12    XL:     5   Next: 53%
Magic:  5/5        EV: 11    Int: 10    God:
Gold:   49         SH:  0    Dex: 15    Spells: 5/6 levels left

rFire   . . .        Y - +1 sling
rCold   . . .        (no shield)
rNeg    . . .        b - +0 ring mail
rPois   .            (helmet restricted)
rElec   .            (no cloak)
rCorr   .            d - +0 pair of gloves
SInv    .            g - +0 pair of boots
Will    .....        (no amulet)
Stlth   +            (no ring)
HPRegen 0.26/turn    (no ring)
MPRegen 0.09/turn

%: no passive effects
@: about to teleport
A: horns 2, retaliatory headbutt
a: no special abilities


You were on level 4 of the Dungeon.
You visited 1 branch of the dungeon, and saw 4 of its levels.

You collected 136 gold pieces.
You spent 87 gold pieces at shops.


Innate Abilities, Weirdness & Mutations

You have a pair of horns on your head.
You reflexively headbutt those who attack you in melee.


   Skills:
 + Level 2.1 Fighting
 - Level 5.1 Ranged Weapons
 - Level 3.5 Armour
 - Level 2.1 Dodging
 - Level 1.0 Spellcasting
 - Level 2.0 Hexes


You had 5 spell levels left.
You knew the following spells:

 Your Spells              Type           Power      Damage    Failure   Level
a - Slow                  Hex            16%        N/A       32%         1

Your spell library contained the following spells:

 Spells                   Type           Power      Damage    Failure   Level
 Inner Flame              Hex/Fire       2%         N/A       82%         3
 Portal Projectile        Hex/Tloc       4%         N/A       82%         3
 Cause Fear               Hex            2%         N/A       97%         4

Inventory:

Hand Weapons
 Y - a +1 sling (weapon)
Armour
 b - a +0 ring mail (worn)
 d - a +0 pair of gloves (worn)
 g - a +0 pair of boots (worn)
Scrolls
 a - a scroll of identify
Potions
 e - a potion of haste
 f - a potion of attraction {unknown}
 h - 2 potions of curing
 i - a potion of brilliance {unknown}
 k - a potion of invisibility {unknown}
 l - a potion of resistance
 m - a potion of enlightenment {unknown}

Dungeon Overview and Level Annotations

Branches:
Dungeon (4/15)
 Temple: D:4-7

Altars:
Sif Muna
Vehumet
Wu Jian

Shops:
D:2 [!

Annotations:
D:4 Menkaure, Pikel


Message History

A lemure comes into view. x2
You shoot a sling bullet.
The sling bullet closely misses the lemure.
The lemure shouts!
Pikel drinks a potion.
Pikel suddenly seems more resistant.
The lemure hits you but does no damage. x2
You shoot a sling bullet.
The sling bullet hits the lemure but does no damage.
The lemure is lightly wounded.
The lemure hits you.
You shoot a sling bullet.
The sling bullet closely misses the lemure.
Menkaure, Prince of Dust comes into view.
The lemure hits you.
You shoot a sling bullet.
Menkaure shouts!
The sling bullet hits the lemure.
The lemure is lightly wounded.
A lemure comes into view.
You shoot a sling bullet.
The sling bullet hits the lemure but does no damage.
The lemure is lightly wounded.
The lemure barely misses you. The lemure hits you!
You shoot a sling bullet.
The sling bullet closely misses the lemure.
Pikel misses you. The lemure hits you but does no damage. The lemure hits you.
You shoot a sling bullet.
The sling bullet closely misses the lemure.
Pikel hits you but does no damage.
You are electrocuted!
The lemure hits you but does no damage. x2
You shoot a sling bullet. The sling bullet hits the lemure.
The lemure is moderately wounded.
Pikel closely misses you. The lemure closely misses you. x2
Menkaure calls on the powers of darkness!
Pikel convulses!
Your body is wracked with pain!
2440 ||| READING scroll of teleportation.
As you read the scroll of teleportation, it crumbles to dust.
You feel strangely unstable.
Pikel hits you with a +2 whip of electrocution!
You die...

##........ #
#.........
.###...........
.....#......... .
...>.M....... ..
..55....... #.
#5K5...... . .. #@#
... ._.#.##.# ..#
........###.#
.#........#%#
.....#..#...###
...........(..##
...............#
....#..........##
....###.........#####


You could see Pikel (resistant), 4 lemures and Menkaure.

Vanquished Creatures
  An ogre (D:3)
  An iguana (D:4)
  Robin (D:2)
  2 worms
  A dart slug (D:1)
  5 bats
  6 endoplasms
  3 giant cockroaches
  10 hobgoblins
  3 jackals (D:4)
  A quokka (D:1)
  7 ball pythons
  5 frilled lizards
  13 goblins
  8 kobolds
  6 rats
73 creatures vanquished.

Notes
Turn   | Place    | Note
-------+----------+-------------------------------------------
     0 | D:1      | qw the Minotaur Hexslinger began the quest for the Orb.
     0 | D:1      | Reached XP level 1. HP: 16/16 MP: 1/1
     0 | D:1      | 0 ||| qw: Version: 0.3-a-46-gb1f654a
     0 | D:1      | 0 ||| qw: Game counter: 2047
     0 | D:1      | 0 ||| qw: Melee chars always use a shield: true
     0 | D:1      | 0 ||| qw: God list: Okawaru
     0 | D:1      | 0 ||| qw: Allow faded altars: false
     0 | D:1      | 0 ||| qw: Do Orc after clearing Dungeon:15 true
     0 | D:1      | 0 ||| qw: Do second Lair branch before Depths: true
     0 | D:1      | 0 ||| qw: Lair rune preference: random
     0 | D:1      | 0 ||| qw: Goals: Normal
     0 | D:1      | 0 ||| PLANNING D:1-11
   155 | D:1      | Reached skill level 3 in Ranged Weapons
   155 | D:1      | Reached XP level 2. HP: 23/23 MP: 2/2
   306 | D:1      | 306 ||| FLEEEEING.
   308 | D:1      | 308 ||| FLEEEEING.
   309 | D:1      | 309 ||| FLEEEEING.
   310 | D:1      | 310 ||| FLEEEEING.
   312 | D:1      | 312 ||| FLEEEEING.
   314 | D:1      | 314 ||| FLEEEEING.
   315 | D:1      | 315 ||| FLEEEEING.
   317 | D:1      | 317 ||| FLEEEEING.
   319 | D:1      | 319 ||| FLEEEEING.
   320 | D:1      | 320 ||| FLEEEEING.
   321 | D:1      | 321 ||| FLEEEEING.
   322 | D:1      | 322 ||| FLEEEEING.
   323 | D:1      | 323 ||| FLEEEEING.
   324 | D:1      | 324 ||| FLEEEEING.
   325 | D:1      | 325 ||| FLEEEEING.
   326 | D:1      | 326 ||| FLEEEEING.
   327 | D:1      | 327 ||| FLEEEEING.
   328 | D:1      | 328 ||| FLEEEEING.
   329 | D:1      | 329 ||| FLEEEEING.
   332 | D:1      | 332 ||| FLEEEEING.
   634 | D:1      | Reached XP level 3. HP: 29/29 MP: 3/3
   887 | D:1      | 887 ||| UPGRADING to +0 pair of boots.
   892 | D:1      | 892 ||| READING scroll labelled FOOCWO CEORESM.
   893 | D:1      | 893 ||| READING scroll labelled CEUJOT PATUARO.
   894 | D:1      | 894 ||| READING 2 scrolls labelled COOPOBEROL.
   897 | D:1      | 897 ||| READING scroll labelled MUUNTU WELEYRY.
   898 | D:1      | 898 ||| READING scroll labelled TOAD WUDDEE.
   950 | D:1      | 950 ||| DROPPING scroll of poison.
  1121 | D:2      | Noticed Robin
  1125 | D:2      | Reached skill level 4 in Ranged Weapons
  1130 | D:2      | HP: 3/29 [goblin/+0 dagger[Robin] (5)]
  1131 | D:2      | 1131 ||| READING scroll of teleportation.
  1292 | D:2      | Found Kaudgh's Armour Emporium.
  1301 | D:2      | 1301 ||| BUYING +0 pair of gloves (45 gold).
  1301 | D:2      | Bought a +0 pair of gloves for 45 gold pieces
  1301 | D:2      | 1301 ||| SHOPLISTING +0 robe of Fortification {-Tele
                  | *Corrode Regen+ Dex+10} (161 gold, have 40).
  1301 | D:2      | 1301 ||| SHOPLISTING +1 robe of Vines {NoPotionHeal
                  | Regen++++} (800 gold, have 40).
  1458 | D:2      | Killed Robin
  1459 | D:2      | Reached XP level 4. HP: 32/36 MP: 4/4
  1498 | D:2      | Found Qaodisoj's Distillery.
  1502 | D:2      | 1502 ||| SHOPLISTING 2 potions of curing (84 gold, have
                  | 44).
  1502 | D:2      | 1502 ||| BUYING potion of curing (42 gold).
  1502 | D:2      | Bought a potion of curing for 42 gold pieces
  1502 | D:2      | 1502 ||| SHOPLISTING potion of curing (42 gold, have 2).
  1502 | D:2      | 1502 ||| SHOPLISTING potion of haste (140 gold, have 2).
  1502 | D:2      | 1502 ||| SHOPLISTING potion of heal wounds (70 gold, have
                  | 2).
  1502 | D:2      | 1502 ||| SHOPLISTING potion of resistance (140 gold, have
                  | 2).
  1668 | D:2      | Found an ornate altar of the Wu Jian Council.
  1740 | D:2      | 1740 ||| UPGRADING to +0 ring mail.
  1750 | D:2      | 1750 ||| DROPPING +0 robe.
  1751 | D:2      | 1751 ||| UPGRADING to +0 pair of gloves.
  1756 | D:2      | 1756 ||| DRINKING 2 emerald potions.
  2053 | D:3      | Found a shimmering blue altar of Sif Muna.
  2053 | D:3      | Noticed an ogre
  2063 | D:3      | Killed an ogre
  2064 | D:3      | Reached skill level 3 in Armour
  2064 | D:3      | Reached XP level 5. HP: 29/41 MP: 5/5
  2356 | D:3      | 2356 ||| DROPPING amulet of magic regeneration.
  2389 | D:4      | Reached skill level 5 in Ranged Weapons
  2424 | D:4      | Found a radiant altar of Vehumet.
  2427 | D:4      | Noticed a lemure
  2430 | D:4      | Noticed Pikel
  2431 | D:4      | Noticed a lemure
  2431 | D:4      | Noticed a lemure
  2434 | D:4      | Noticed Menkaure
  2435 | D:4      | Noticed a lemure
  2439 | D:4      | HP: 9/41 [??? (7)]
  2440 | D:4      | 2440 ||| READING scroll of teleportation.
  2440 | D:4      | Slain by Pikel

Levels and vault maps discovered:
D:1:      dpeg_arrival_shelter, layout_loops_ring
D:2:      layout_basic, serial_shops, shop, nicolae_shop_window_shopping,
          basic_altar, uniq_robin
D:3:      layout_rooms, old_standard_altar
D:4:      layout_rooms, nicolae_hepliaklqana_hippocampus, vehumet_altar_wand_db,
          serial_curves, eino_curves_03, eino_curves_02, uniq_menkaure,
          uniq_pikel

Skill      XL: |  1  2  3  4  5 |
---------------+----------------+-----
Ranged Weapons | 3 4 5 |  5.1
Fighting       | 2 |  2.1
Armour         | 3 |  3.5
Dodging        | |  2.1
Spellcasting   | |  1.0
Hexes          | |  2.0

Action                     |  1- 3 |  4- 6 || total
---------------------------+-------+-------++-------
   Fire: Sling             |   152 |    98 ||   250
    Use: Scroll            |     6 |     1 ||     7
         Potion            |       |     1 ||     1
 Armour: Robe              |    11 |       ||    11
         Ring mail         |       |    23 ||    23
  Dodge: Dodged            |    40 |    28 ||    68

Table legend:
 A = Non-vault XP
 B = Vault XP
 C = Vault XP percentage of total XP
 D = Non-vault monster count
 E = Vault monster count
 F = Vault count percentage of total count
                 A         B        C        D         E       F
            +---------+---------+-------+---------+---------+-------
      Total |     257 |      38 |  12.9 |      61 |      12 |  16.4
            +---------+---------+-------+---------+---------+-------
        D:1 |      47 |       0 |   0.0 |      28 |       0 |   0.0
        D:2 |      23 |      38 |  62.3 |      13 |      12 |  48.0
        D:3 |     140 |       0 |   0.0 |      15 |       0 |   0.0
        D:4 |      47 |       0 |   0.0 |       5 |       0 |   0.0
            +---------+---------+-------+---------+---------+-------
